 Dungeon Crawl Stone Soup version 0.21-a0-227-g58a7c62 (webtiles) character file.

94862 Leszczynek the Brawler (level 15, -2/152 HPs)
             Began as a Troll Skald on Aug 29, 2017.
             Was a High Priest of Trog.
             Slain by an eight-headed hydra (17 damage)
             ... called by a spriggan druid
             ... on level 4 of the Swamp on Aug 30, 2017.
             The game lasted 01:21:04 (14272 turns).

Leszczynek the Brawler (Troll Skald)               Turns: 14272, Time: 01:21:05

Health: -2/152     AC: 13    Str: 26    XL:     15   Next: 64%
Magic:  15/15      EV: 14    Int:  9    God:    Trog [*****.]
Gold:   1315       SH: 20    Dex: 18    Spells: 16/16 levels left

rFire    . . .     SeeInvis .   c - +0 scimitar (flame)
rCold    . . .     Gourm    +   Z - +0 large shield of the Valley of Death {Dex+4}
rNeg     . . .     Faith    .   M - +0 swamp dragon scales
rPois    +         Spirit   .   g - +1 hat
rElec    .         Reflect  .   e - +0 cloak
rCorr    +         Harm     .   (gloves unavailable)
MR       +++..                  (boots unavailable)
Stlth    +.........             (no amulet)
HPRegen  1.75/turn              W - ring of resist corrosion
MPRegen  0.14/turn              T - +3 ring of strength

@: very slightly contaminated, regenerating
A: unfitting armour, claws 3, fast metabolism 3, gourmand, regeneration 1,
shaggy fur 1, tough skin 2
a: Berserk, Trog's Hand, Brothers in Arms, Burn Spellbooks, Renounce Religion


You were on level 4 of the Swamp.
You worshipped Trog.
Trog was extremely pleased with you.
You were full.

You visited 4 branches of the dungeon, and saw 27 of its levels.
You also visited: Ossuary, Bailey and Ice Cave.

You collected 2269 gold pieces.
You spent 954 gold pieces at shops.

Inventory:

Hand Weapons
 c - a +0 scimitar of flaming (weapon)
 o - a +3 blowgun
Missiles
 f - 7 needles of confusion {god gift}
 i - 14 needles of paralysis
 k - 26 tomahawks (quivered)
 w - 15 large rocks
 E - 10 throwing nets
 P - 12 curare-tipped needles
 Q - 8 poisoned javelins {god gift}
Armour
 e - a +0 cloak (worn)
 g - a +1 hat (worn)
 L - a +0 troll leather armour
 M - +0 swamp dragon scales (worn)
 Z - the +0 large shield of the Valley of Death (worn) {Dex+4}
   (You found it on level 6 of the Lair of Beasts)

   It affects your dexterity (+4).
Jewellery
 t - an uncursed ring of ice
 T - a +3 ring of strength (right claw)
 W - a ring of resist corrosion (left claw)
Wands
 n - a wand of paralysis (17/24)
 y - a wand of acid (5/15)
 B - a wand of digging (11/24)
 K - a wand of confusion (34/48)
 N - a wand of enslavement (8/24)
 V - a wand of scattershot (4/9)
Scrolls
 h - 4 scrolls of blinking
 j - 5 scrolls of remove curse {@r2}
 m - 7 scrolls of teleportation
 x - 4 scrolls of enchant armour
 J - 4 scrolls of fog
 O - 4 scrolls of magic mapping
 R - a scroll of fear
 U - 3 scrolls of recharging
 X - a scroll of silence {!r}
Potions
 a - a potion of haste
 p - a potion of lignification {!q}
 q - 8 potions of flight
 r - 2 potions of agility
 u - 3 potions of curing {@q1}
 A - 2 potions of brilliance
 D - 4 potions of invisibility
 F - 4 potions of heal wounds {@q2}
 G - 7 potions of mutation {!q}
 H - a potion of cancellation
 I - 6 potions of might
 S - a potion of ambrosia {unknown}
 Y - 2 potions of resistance
Miscellaneous
 z - a sack of spiders
Comestibles
 b - 13 fruits
 d - 6 bread rations
 l - 20 royal jellies
 s - 4 chunks of flesh
 C - 6 meat rations


   Skills:
 + Level 10.7 Fighting
 - Level 8.1 Throwing
 * Level 4.4 Armour
 - Level 8.1 Dodging
 + Level 12.7 Shields
 - Level 15.0 Unarmed Combat
 - Level 1.2 Spellcasting
   Level 2.0 Charms


You had 16 spell levels left.
You didn't know any spells.

Dungeon Overview and Level Annotations

Branches:
Dungeon (15/15)            Temple (0/1) D:7            Lair (6/6) D:8
  Swamp (4/4) Lair:2        Snake (0/4) Lair:4        Slime (0/5) Lair:5
    Orc (2/2) D:12            Elf (0/3) Orc:2        Vaults (0/5) D:14
 Depths: D:15

Altars:
Ashenzari
Dithmenos
Elyvilon
Qazlal
Trog
Yredelemnul
Beogh

Shops:
D:9 *   Orc:2 (?:(

Annotations:
D:15 7h


Innate Abilities, Weirdness & Mutations

You are too large for most types of armour.
You have claws for hands.
Your metabolism is lightning-fast.
You like to eat raw meat.
Your natural rate of healing is unusually fast.
You are covered in fur. (AC +1)
You have very tough skin. (AC +2)


Message History

Trog appreciates your killing of a magic user.
You hear a splash. x2
You block the eight-headed hydra's attack.
The eight-headed hydra bites you!
You block the eight-headed hydra's attack.
The eight-headed hydra bites you! The eight-headed hydra bites you.
The eight-headed hydra misses you.
The eight-headed hydra closely misses you.
You block the eight-headed hydra's attack.
A swamp dragon comes into view.
Unknown command.
You barely miss the eight-headed hydra.
You block the eight-headed hydra's attack. x2
The eight-headed hydra bites you!
* * * LOW HITPOINT WARNING * * *
You block the eight-headed hydra's attack.
The eight-headed hydra bites you!!
* * * LOW HITPOINT WARNING * * *
The eight-headed hydra bites you!
You die...

♣♣♣♣♣ ♣♣♣≈≈≈♣♣ ♣♣≈..≈≈≈♣♣♣
♣...≈≈≈.≈.♣ ♣♣♣♣♣♣ ♣♣..≈≈≈≈.≈≈♣
♣♣♣.≈§§≈ ♣.≈≈≈≈≈≈...♣♣♣...≈≈≈.
♣♣≈≈≈≈≈≈≈≈≈≈≈..≈.≈≈≈≈.
♣♣♣♣≈≈≈≈@D≈≈≈≈≈≈.....≈≈≈.
♣♣......≈O≈≈≈..≈≈..≈≈≈...♣
♣≈≈≈≈(≈≈)≈≈≈≈≈≈k≈≈≈≈≈.♣≈§♣ ♣
♣.≈≈≈≈≈≈≈≈≈≈≈≈≈≈≈≈≈≈≈≈.♣♣♣ ≈♣
♣♣♣.≈≈≈♣≈≈≈≈≈≈≈≈≈≈≈≈≈≈≈≈.≈♣
.≈♣♣♣♣i≈♣♣♣♣♣♣♣♣♣....≈≈≈..≈≈≈≈≈♣
≈≈≈.≈≈.≈≈♣ ♣♣♣♣≈..D≈..≈≈.≈♣♣
≈≈≈≈.(.≈.♣ ♣♣≈≈♣.≈≈≈..≈≈.
≈≈≈≈≈†♣♣♣♣ ♣♣♣♣♣.≈≈≈§.≈≈


You could see an eight-headed hydra, a swamp dragon, a swamp drake and a
friendly two-headed ogre (berserk).

Vanquished Creatures
  A frost giant (IceCv)
  A fire dragon (Lair:6)
  3 vault guards (D:14)
  7 hydras
  The ghost of zkyp the Arsonist, a journeyman DrFE of Vehumet (D:11)
  7 two-headed ogres
  2 centaur warriors
  10 alligators
  7 death yaks
  An orc high priest (Orc:1)
  The ghost of DEFE the Thaumaturge, a journeyman DESk of Kikubaaqudgha (D:11)
  5 spriggans
  A fire crab (Lair:6)
  2 spriggan druids
  6 swamp dragons
  An unseen horror (D:14)
  Pikel (D:9)
  A deep elf mage (D:14)
  An orc knight (Orc:1)
  A shambling mangrove (Swamp:3)
  8 ugly things
  A wolf spider zombie (D:13)
  8 orc sorcerers
  A cyclops (D:14)
  13 elephants
  An ice statue (IceCv)
  5 black mambas
  Psyche (D:11)
  A spiny frog (Swamp:1)
  A gargoyle (D:11)
  A rime drake (Lair:6)
  3 komodo dragons
  8 trolls
  A tengu conjurer (D:14)
  9 slime creatures
  3 tyrant leeches
  A raiju (Lair:6)
  2 bog bodies
  5 hornets
  18 polar bears
  13 blink frogs
  4 hippogriffs
  A shadow (Swamp:2)
  A basilisk (Lair:6)
  39 yaks
  Grum (D:9)
  2 steam dragons (Lair:6)
  12 vampire mosquitoes
  3 acid dragons
  9 water moccasins
  4 swamp worms
  11 wargs
  14 hell hounds (Lair:6)
  11 porcupines
  6 swamp drakes
  A slave (D:9)
  3 sky beasts
  An eye of draining (D:14)
  4 ice beasts
  21 orc warriors
  10 black bears (Lair:6)
  An ice beast (shapeshifter) (D:14)
  17 ogres
  2 necrophages
  38 wolves
  9 centaurs
  8 crocodiles
  4 big kobolds
  10 gnoll sergeants
  14 bullfrogs
  3 water moccasin zombies
  A wyvern skeleton (D:14)
  2 scorpions
  12 killer bees
  9 wights
  2 electric eels
  2 howler monkeys
  3 crimson imps
  3 centaur zombies
  7 jellies
  7 hounds
  6 orc priests
  4 centaur skeletons
  6 gnoll shamans (Bailey)
  5 iguanas
  A bullfrog skeleton (D:10)
  8 worker ants
  35 orc wizards
  Terence (D:3)
  A hell rat (Lair:6)
  2 mummies (Ossuary)
  A howler monkey zombie (D:5)
  A worker ant zombie (D:5)
  25 gnolls
  4 adders
  A shadow imp (D:10)
  4 oozes
  7 adder zombies (Ossuary)
  2 worms (D:3)
  2 leopard geckos
  94 orcs
  2 bats
  2 giant cockroaches
  7 goblins
  A hobgoblin (D:1)
  3 jackals (D:2)
  2 quokkas
  A frilled lizard (D:3)
  2 gnoll zombies (Ossuary)
  7 hobgoblin zombies (Ossuary)
  A jackal skeleton (D:6)
  13 kobolds
  4 kobold zombies (Ossuary)
  3 orc zombies (Ossuary)
  A quokka skeleton (D:10)
  2 rats (D:2)
  A bush (Lair:2)
  2 plants (Lair:6)
740 creatures vanquished.

Vanquished Creatures (collateral kills)
  A thorn hunter (Swamp:4)
  A hydra (Swamp:4)
  A spriggan druid (Swamp:4)
  A spiny frog (Swamp:4)
  A hornet (Swamp:2)
  A polar bear (IceCv)
  A slime creature (Swamp:4)
  A yak (IceCv)
  3 vampire mosquitoes (Swamp:4)
  3 swamp drakes (Swamp:4)
  A wolf (IceCv)
15 creatures vanquished.

Vanquished Creatures (others)
  A polar bear (Lair:6)
  2 slaves (D:9)
  A black bear (Lair:6)
  An orc wizard (Orc:2)
  3 orcs
  9 fungi (Lair:6)
  15 plants
32 creatures vanquished.

Grand Total: 787 creatures vanquished

Notes
Turn   | Place    | Note
-------+----------+-------------------------------------------
     0 | D:1      | Leszczynek the Troll Skald began the quest for the Orb.
     0 | D:1      | Reached XP level 1. HP: 19/19 MP: 1/1
   141 | D:2      | Reached XP level 2. HP: 20/27 MP: 2/2
   143 | D:2      | Reached skill level 3 in Unarmed Combat
   164 | D:2      | Learned a level 2 spell: Shroud of Golubria
   290 | D:2      | Reached XP level 3. HP: 33/33 MP: 3/3
   367 | D:3      | Noticed Terence
   401 | D:3      | Killed Terence
   401 | D:3      | Reached skill level 4 in Unarmed Combat
   459 | D:3      | Found a bloodstained altar of Trog.
   468 | D:3      | Became a worshipper of Trog the Wrathful
   494 | D:4      | Found a white marble altar of Elyvilon.
   555 | D:4      | Reached XP level 4. HP: 28/41 MP: 4/4
   604 | D:5      | Entered Level 5 of the Dungeon
   614 | D:5      | Reached skill level 5 in Unarmed Combat
   646 | D:5      | Reached XP level 5. HP: 35/48 MP: 5/5
   820 | D:6      | Noticed a sky beast
   823 | D:6      | Killed a sky beast
   823 | D:6      | Reached skill level 6 in Unarmed Combat
   823 | D:6      | Reached XP level 6. HP: 55/55 MP: 6/6
   833 | D:6      | Noticed an ice beast
   860 | D:6      | Killed an ice beast
   860 | D:6      | Reached skill level 7 in Unarmed Combat
   922 | D:6      | Reached XP level 7. HP: 28/62 MP: 7/7
   954 | D:6      | Reached skill level 8 in Unarmed Combat
  1022 | D:6      | Reached * piety under Trog
  1034 | D:6      | Reached skill level 9 in Unarmed Combat
  1044 | D:6      | Reached skill level 2 in Fighting
  1064 | D:5      | Reached skill level 3 in Fighting
  1064 | D:5      | Reached XP level 8. HP: 71/75 MP: 8/8
  1270 | D:6      | Reached skill level 4 in Fighting
  1299 | D:6      | Found a sand-covered staircase.
  1306 | Ossuary  | Entered an ossuary
  1382 | Ossuary  | Reached skill level 2 in Dodging
  1383 | Ossuary  | Reached ** piety under Trog
  1516 | D:6      | Reached skill level 5 in Fighting
  1682 | D:7      | Found a shattered altar of Ashenzari.
  1719 | D:7      | Found a staircase to the Ecumenical Temple.
  1730 | D:7      | Found a stormy altar of Qazlal.
  1855 | D:8      | Reached skill level 3 in Dodging
  1877 | D:8      | Noticed a hippogriff
  1882 | D:8      | Reached XP level 9. HP: 80/87 MP: 9/9
  1907 | D:8      | Reached skill level 4 in Dodging
  1968 | D:8      | Found a staircase to the Lair.
  2052 | D:9      | Found Ukoik's Assorted Antiques.
  2056 | D:9      | Bought a scroll labeled QAHI YCEUSK for 34 gold pieces
  2056 | D:9      | Bought a metallic grey potion for 30 gold pieces
  2109 | D:9      | Reached skill level 5 in Dodging
  2116 | D:9      | Reached *** piety under Trog
  2116 | D:9      | Reached skill level 6 in Fighting
  2234 | D:9      | Noticed Pikel
  2249 | D:9      | Killed Pikel
  2249 | D:9      | Reached skill level 2 in Throwing
  2249 | D:9      | Reached skill level 10 in Unarmed Combat
  2300 | D:9      | Noticed Grum
  2301 | D:9      | Reached skill level 3 in Throwing
  2318 | D:9      | Killed Grum
  2329 | D:9      | Reached XP level 10. HP: 50/97 MP: 10/10
  2417 | D:10     | Entered Level 10 of the Dungeon
  2594 | D:11     | Reached skill level 4 in Throwing
  2658 | D:11     | Noticed Psyche
  2666 | D:11     | Noticed a two-headed ogre
  2669 | D:11     | Killed Psyche
  2680 | D:11     | Killed a two-headed ogre
  2680 | D:11     | Reached skill level 5 in Throwing
  2700 | D:11     | Noticed DEFE's ghost (journeyman DESk)
  2700 | D:11     | Noticed zkyp's ghost (journeyman DrFE)
  2709 | D:10     | wew lad
  2897 | D:10     | Reached skill level 6 in Throwing
  3029 | D:10     | Reached skill level 11 in Unarmed Combat
  3158 | D:10     | Noticed a two-headed ogre
  3168 | D:10     | Killed a two-headed ogre
  3168 | D:10     | Reached skill level 7 in Throwing
  3367 | D:9      | Reached **** piety under Trog
  3486 | D:8      | Noticed a two-headed ogre
  3496 | D:8      | Killed a two-headed ogre
  3496 | D:8      | Reached skill level 8 in Throwing
  3496 | D:8      | Reached XP level 11. HP: 106/106 MP: 11/11
  3692 | D:12     | Noticed a green ugly thing
  3713 | D:12     | Killed a green ugly thing
  3835 | D:12     | Reached skill level 7 in Fighting
  3914 | D:12     | Noticed a centaur warrior
  3928 | D:12     | Killed a centaur warrior
  4167 | D:13     | Noticed a two-headed ogre
  4181 | D:13     | Killed a two-headed ogre
  4181 | D:13     | Reached skill level 6 in Dodging
  4236 | D:13     | Noticed a purple ugly thing
  4258 | D:13     | Killed a purple ugly thing
  4520 | D:14     | Reached skill level 12 in Unarmed Combat
  4550 | D:14     | okay, i probably should not be going inside here
  4568 | D:14     | huh
  4568 | D:14     | nvm
  4571 | D:14     | i thought it's something else
  4587 | D:14     | Noticed a vault guard
  4625 | D:14     | Killed a vault guard
  4676 | D:14     | Noticed a vault guard
  4696 | D:14     | Killed a vault guard
  4727 | D:14     | Noticed a vault guard
  4750 | D:14     | Killed a vault guard
  4793 | D:14     | Found a gate to the Vaults.
  4829 | D:14     | Noticed a brown ugly thing
  4847 | D:14     | Killed a brown ugly thing
  4847 | D:14     | Reached skill level 1 in Shields
  4886 | D:14     | Noticed a brown ugly thing
  4903 | D:14     | Killed a brown ugly thing
  4903 | D:14     | Reached skill level 8 in Fighting
  4903 | D:14     | Reached XP level 12. HP: 118/118 MP: 12/12
  4906 | D:14     | Reached skill level 2 in Shields
  4939 | D:14     | Reached skill level 3 in Shields
  4941 | D:14     | HP: 25/178 [red ugly thing (17)]
  5104 | D:15     | Entered Level 15 of the Dungeon
  5149 | D:15     | Reached skill level 4 in Shields
  5185 | D:15     | Noticed a seven-headed hydra
  5337 | D:15     | Noticed a two-headed ogre
  5355 | D:15     | Killed a two-headed ogre
  5405 | D:15     | Reached skill level 5 in Shields
  5506 | D:14     | Noticed a two-headed ogre
  5536 | D:14     | Killed a two-headed ogre
  5536 | D:14     | Received a gift from Trog
  5547 | D:14     | Reached skill level 9 in Fighting
  5547 | D:14     | Reached skill level 6 in Shields
  5583 | D:14     | Noticed a centaur warrior
  5597 | D:14     | Killed a centaur warrior
  5819 | D:11     | You fall through a shaft for 2 floors!
  5925 | D:11     | Paralysed by a hornet for 2 turns
  5928 | D:11     | Reached ***** piety under Trog
  5932 | D:11     | HP: 30/183 [centaur (9)]
  5937 | D:11     | HP: 19/122 [poisoned by a hornet]
  5942 | D:11     | HP: 19/122 [poisoned by a hornet]
  5947 | D:11     | HP: 23/122 [poisoned by a hornet]
  6021 | D:11     | Found a shadowy altar of Dithmenos.
  6065 | D:11     | Reached skill level 7 in Shields
  6196 | D:11     | Killed zkyp's ghost
  6252 | D:11     | Killed DEFE's ghost
  6394 | D:11     | >it's the branch entrance episode has no visible entry vault episode
  6394 | D:11     | >it's a rerun of a rerun
  6584 | D:10     | Received a gift from Trog
  7085 | D:12     | oh
  7085 | D:12     | here it is
  7085 | D:12     | so fast
  7091 | D:12     | Reached XP level 13. HP: 130/130 MP: 13/13
  7167 | D:12     | Reached skill level 13 in Unarmed Combat
  7197 | D:12     | Found a staircase to the Orcish Mines.
  7225 | D:12     | Received a gift from Trog
  7261 | D:12     | Reached skill level 8 in Shields
  7470 | Orc:1    | Entered Level 1 of the Orcish Mines
  7692 | Orc:1    | Received a gift from Trog
  7785 | Orc:1    | Found a flagged portal.
  7796 | Bailey   | Entered a bailey
  7797 | Bailey   | what can go wrong amirite
  7972 | Bailey   | Received a gift from Trog
  8087 | Bailey   | Got a ripped robe
  8098 | Bailey   | Identified the +1 robe of Indemnity {+Blink +Fly Str+3} (You found it in a bailey)
  8098 | Bailey   | >
  8098 | Bailey   | good bailey
  8220 | Orc:2    | Entered Level 2 of the Orcish Mines
  8321 | Orc:1    | Reached skill level 7 in Dodging
  8444 | Orc:2    | Found a staircase to the Elven Halls.
  8554 | Orc:2    | Reached skill level 9 in Shields
  8694 | Orc:2    | Found Suuvej's Antique Weapon Boutique.
  8720 | Orc:2    | Found Ulaadwak's Magic Scroll Emporium.
  8739 | Orc:2    | Received a gift from Trog
  8774 | Orc:2    | Bought a scroll of magic mapping for 52 gold pieces
  8793 | Orc:2    | Found a roughly hewn altar of Beogh.
  8803 | Orc:2    | Found Ogaotteu's Book Boutique.
  8845 | Orc:2    | Received a gift from Trog
  8887 | Orc:2    | Found Doeteokh's Weapon Emporium.
  8910 | Orc:2    | Bought a +0 scimitar of flaming for 165 gold pieces
  8951 | Orc:2    | Bought a scroll of magic mapping for 52 gold pieces
  8951 | Orc:2    | Bought a scroll of identify for 30 gold pieces
  8951 | Orc:2    | Bought a scroll of identify for 30 gold pieces
  8951 | Orc:2    | Bought 2 scrolls of blinking for 225 gold pieces
  8951 | Orc:2    | Bought a scroll of enchant armour for 112 gold pieces
  8951 | Orc:2    | Bought a scroll of silence for 112 gold pieces
  8951 | Orc:2    | Bought a scroll of enchant weapon for 112 gold pieces
  9275 | Orc:2    | complete zero resistances
  9275 | Orc:2    | maybe i won't do elf after all
  9478 | Lair:1   | Entered Level 1 of the Lair of Beasts
  9907 | Lair:4   | Found a frozen archway.
  9948 | IceCv    | Entered an ice cave
  9995 | IceCv    | Reached skill level 10 in Shields
 10059 | IceCv    | nice berserk
 10059 | IceCv    | 3 turns
 10226 | IceCv    | Noticed a frost giant
 10247 | IceCv    | Received a gift from Trog
 10263 | IceCv    | Killed a frost giant
 10350 | IceCv    | Reached XP level 14. HP: 90/140 MP: 14/14
 10450 | IceCv    | ice cave has 0 items with cold resistance
 10450 | IceCv    | that's something new
 10705 | Lair:2   | Found a staircase to the Swamp.
 11160 | Lair:3   | Found a basalt altar of Yredelemnul.
 11214 | Lair:3   | Reached skill level 10 in Fighting
 11222 | Lair:3   | Reached skill level 14 in Unarmed Combat
 11340 | Lair:4   | Found a staircase to the Snake Pit.
 11412 | Lair:5   | Found a staircase to the Slime Pits.
 11515 | Lair:5   | Received a gift from Trog
 11523 | Lair:5   | Reached skill level 11 in Shields
 11866 | Lair:6   | Entered Level 6 of the Lair of Beasts
 12522 | Lair:6   | Reached skill level 12 in Shields
 12613 | Lair:6   | Received a gift from Trog
 12843 | Lair:6   | Got a transparent large shield
 12854 | Lair:6   | Identified the +0 large shield of the Valley of Death {Dex+4} (You found it on level 6 of the Lair of Beasts)
 12854 | Lair:6   | pff
 12944 | Lair:6   | well, this is horribly slow for a trog game
 12944 | Lair:6   | and i still have no resistances
 12944 | Lair:6   | should've just went to elf
 12944 | Lair:6   | do i even want to play this
 12944 | Lair:6   | eh, i'll save and decide later
 12944 | Lair:6   | Upgraded the game from 0.21-a0-225-g207ae17 to 0.21-a0-227-g58a7c62
 13003 | Lair:6   | Reached XP level 15. HP: 124/149 MP: 15/15
 13051 | Lair:6   | Reached skill level 8 in Dodging
 13200 | Swamp:1  | Entered Level 1 of the Swamp
 13209 | Swamp:1  | Reached skill level 15 in Unarmed Combat
 13318 | Swamp:1  | Received a gift from Trog
 13532 | Swamp:2  | Reached skill level 1 in Armour
 13701 | Swamp:2  | Reached skill level 2 in Armour
 13915 | Swamp:3  | Received a gift from Trog
 13922 | Swamp:3  | Reached skill level 3 in Armour
 14104 | Swamp:4  | Entered Level 4 of the Swamp
 14198 | Swamp:4  | Noticed a thorn hunter
 14212 | Swamp:4  | Killed a thorn hunter
 14212 | Swamp:4  | Reached skill level 4 in Armour
 14232 | Swamp:4  | Received a gift from Trog
 14258 | Swamp:4  | HP: 25/152 [five-headed hydra (10)]
 14272 | Swamp:4  | HP: 15/152 [eight-headed hydra[a spriggan druid] (19)]
 14272 | Swamp:4  | Slain by an eight-headed hydra

Vault maps used:
D:1:      enne_arrival_octagon_isle
D:2:      first_bread
D:3:      nicolae_overflow_crystal_walls, uniq_terence
D:4:      kennysheep_spiral_hall, elyvilon_altar_1, uniq_menkaure
D:5:      serial_shops, shop, serial_park_tiny_pond
D:6:      enter_ossuary_2
D:7:      grunt_temple_overflow_octagram, lemuel_doored_altar,
          minmay_temple_entry_trees, the_bakery, cheibrodos_ashenzari_chains
D:8:      grunt_lair_entry_orc_guard_hut
D:9:      serial_shops, shop_fountains, uniq_grum, uniq_pikel
D:10:     kennysheep_generic_room_2
D:11:     basic_altar, uniq_psyche
D:12:     kennysheep_orc_monster_closet_entryway, special_room, uniq_rupert
D:14:     lightli_vaults_fourway_checkpoint, st_stairs_10, grunt_decor_fettered
D:15:     gammafunk_depths_entry_grave, minmay_misc_feat_pillars
Lair:1:   dragon1_lemuel
Lair:2:   swamp_mist_pool, wad_woods_06
Lair:3:   special_room, basic_altar, grunt_megastairs_4,
          infiniplex_staircase_pool
Lair:4:   minmay_snake_entry_spellcaster, portal_ice_cave_entry_pillars_2,
          grunt_megastairs_2, serial_bayou_shore_a
Lair:5:   nicolae_slime_entry_slimehenge, disabler_island, lemuel_fruit_tree
Lair:6:   guppyfry_lair_end_dragon, hangedman_lair_caniforms_friends,
          guppyfry_lair_drakes
Swamp:1:  evilmike_swamp_ruin_rubble_1
Swamp:2:  hangedman_swamp_ruin_wall, swamp_pool5
Swamp:3:  nicolae_swamp_treefoil
Swamp:4:  swamp
Orc:1:    enter_bailey_3
Orc:2:    st_orc_town, nicolae_orc_sculptors_studio, mines2_lemuel
Ossuary:  ossuary_tomb_2
Bailey:   bailey_polearm_gnolls_kennysheep, bailey
IceCv:    ice_cave_small_giant

Skill      XL: |  1  2  3  4  5  6  7  8  9 10 11 12 13 14 15 |
---------------+----------------------------------------------+-----
Unarmed Combat | 3 4 5 6 7 9 10 11 12 13 14 15 | 15.0
Fighting       | 3 5 6 8 9 10 | 10.7
Dodging        | 3 5 6 7 8 |  8.1
Throwing       | 3 8 |  8.1
Shields        | 1 7 10 12 | 12.7
Armour         | 4 |  4.4
Spellcasting   | |  1.2
Charms         | |  2.0

Action                   |  1- 3 |  4- 6 |  7- 9 | 10-12 | 13-15 || total
-------------------------+-------+-------+-------+-------+-------++-------
Melee: Unarmed           |    88 |    58 |   225 |   572 |  1775 ||  2718
       Punch             |       |     2 |     8 |    32 |       ||    42
       Scimitar          |       |       |       |       |    52 ||    52
Throw: Tomahawk          |       |       |       |     6 |    24 ||    30
       Large rock        |       |       |       |       |     4 ||     4
Invok: Berserk           |       |       |     4 |    24 |    11 ||    39
       Trog's Hand       |       |       |       |     4 |    15 ||    19
       Brothers in Arms  |       |       |       |     1 |     5 ||     6
Evoke: Wand              |       |       |       |       |     3 ||     3
  Use: Scroll            |       |     6 |     5 |     6 |    16 ||    33
       Potion            |       |     2 |       |     3 |     3 ||     8
 Stab: Distracted        |       |       |       |     1 |     2 ||     3
       Sleeping          |       |       |       |       |     3 ||     3
  Eat: Chunk             |    11 |     3 |    16 |    60 |    93 ||   183
       Fruit             |       |       |       |     3 |       ||     3
Armor: Robe              |    30 |    27 |    51 |    28 |       ||   136
       Skin              |       |       |       |    41 |       ||    41
       Troll leather arm |       |       |       |    66 |   240 ||   306
       Acid dragon scale |       |       |       |    11 |       ||    11
       Swamp dragon scal |       |       |       |       |    36 ||    36
Dodge: Dodged            |    39 |    20 |    86 |   213 |   517 ||   875
Block: Large shield      |       |       |       |    91 |  1552 ||  1643
       Rpst.: Scimitar   |       |       |       |       |     3 ||     3

Table legend:
 A = Spawn XP
 B = Non-spawn XP
 C = Spawn XP percentage of total XP
 D = Spawn monster count
 E = Non-spawn monster count
 F = Spawn count percentage of total count
 G = Total turns spent on level
                    A         B        C        D         E        F      G
               +---------+---------+-------+---------+---------+-------+---------
         Total |   13368 |  122150 |   9.9 |      55 |     697 |   7.3 | 14272
               +---------+---------+-------+---------+---------+-------+---------
           D:1 |       0 |       3 |   0.0 |       0 |       2 |   0.0 |    85
           D:2 |       0 |      32 |   0.0 |       0 |      12 |   0.0 |   153
           D:3 |       0 |      47 |   0.0 |       0 |       7 |   0.0 |   252
           D:4 |       0 |     137 |   0.0 |       0 |       8 |   0.0 |   152
           D:5 |       0 |     313 |   0.0 |       0 |      13 |   0.0 |   278
           D:6 |       0 |    1324 |   0.0 |       0 |      18 |   0.0 |   473
           D:7 |       0 |     171 |   0.0 |       0 |       6 |   0.0 |   257
           D:8 |       0 |    1960 |   0.0 |       0 |      12 |   0.0 |   322
           D:9 |     257 |    3230 |   7.4 |       4 |      25 |  13.8 |   960
          D:10 |     903 |    2090 |  30.2 |       7 |      18 |  28.0 |   990
          D:11 |     506 |    5980 |   7.8 |       7 |      30 |  18.9 |   868
          D:12 |    1465 |    5453 |  21.2 |       9 |      54 |  14.3 |  1048
          D:13 |     910 |    1522 |  37.4 |       1 |       8 |  11.1 |   520
          D:14 |    1493 |   12231 |  10.9 |       5 |      39 |  11.4 |   958
          D:15 |     534 |    1643 |  24.5 |       2 |       4 |  33.3 |   174
        Lair:1 |       0 |     247 |   0.0 |       0 |       1 |   0.0 |    86
        Lair:2 |       0 |    3061 |   0.0 |       0 |      14 |   0.0 |   421
        Lair:3 |    2478 |    4270 |  36.7 |       6 |      20 |  23.1 |   621
        Lair:4 |    3162 |    1841 |  63.2 |       5 |      10 |  33.3 |   439
        Lair:5 |       0 |    5409 |   0.0 |       0 |      23 |   0.0 |   410
        Lair:6 |     595 |   23373 |   2.5 |       3 |      99 |   2.9 |  1225
       Swamp:1 |       0 |    5437 |   0.0 |       0 |      13 |   0.0 |   184
       Swamp:2 |     916 |    8999 |   9.2 |       1 |      21 |   4.5 |   400
       Swamp:3 |       0 |    7135 |   0.0 |       0 |      20 |   0.0 |   320
       Swamp:4 |       0 |    7135 |   0.0 |       0 |      17 |   0.0 |   168
         Orc:1 |       0 |    3952 |   0.0 |       0 |      43 |   0.0 |   571
         Orc:2 |     149 |    5826 |   2.5 |       5 |      68 |   6.8 |   907
       Ossuary |       0 |     259 |   0.0 |       0 |      27 |   0.0 |   156
        Bailey |       0 |    1236 |   0.0 |       0 |      30 |   0.0 |   354
         IceCv |       0 |    7834 |   0.0 |       0 |      35 |   0.0 |   520
               +---------+---------+-------+---------+---------+-------+---------
